 Dungeon Crawl Stone Soup version 0.31-a0-360-gb3e1d13bf4 (webtiles) character file.

Game seed: 2533171249350826652

2785 CraigForest the Cleaver (level 9, 0/68 (75) HPs)
             Began as a Minotaur Gladiator on July 26, 2023.
             Was an Initiate of Hepliaklqana.
             Slain by a wight
             ... wielding a +4 war axe
              (1 damage)
             ... on level 7 of the Dungeon.
             The game lasted 00:37:37 (6250 turns).

CraigForest the Cleaver (Minotaur Gladiator)        Turns: 6250, Time: 00:37:37

HP:   0/68 (75)     AC: 11    Str: 21    XL:     9   Next: 43%
MP:   8/8           EV: 10    Int:  5    God:    Hepliaklqana [......]
Gold: 438           SH: 12    Dex: 20    Spells: 8/8 levels left

rFire   . . .        a - +0 war axe
rCold   . . .        y - +0 kite shield
rNeg    . . .        x - +0 chain mail
rPois   .            c - +0 hat
rElec   .            (no cloak)
rCorr   +            C - +0 pair of gloves
SInv    .            (no boots)
Will    .....        (no amulet) Stlth
                     o - +6 ring of dexterity
HPRegen 0.31/turn    H - ring of resist corrosion
MPRegen 0.11/turn

%: no passive effects
@: drained
A: horns 2, retaliatory headbutt
a: Renounce Religion


You were on level 7 of the Dungeon.
You worshipped Hepliaklqana.
Hepliaklqana was noncommittal.
You visited 2 branches of the dungeon, and saw 8 of its levels.
You also visited: Sewer and Ossuary.

You collected 438 gold pieces.

Inventory:

Hand Weapons
 a - a +0 war axe (weapon)
 h - a +0 arbalest
 l - a +0 dagger of venom
 q - a +0 trident
 F - a +0 rapier
 S - the +9 sling of Eqyledd {elec, Int+3}
   (You found it on level 7 of the Dungeon)

   Int:       It affects your intelligence (+3).
Missiles
 d - 3 throwing nets
 e - 5 javelins (quivered)
 I - 10 poisoned darts
 J - 6 atropa-tipped darts
Armour
 c - a +0 hat (worn)
 x - a +0 chain mail (worn)
 y - a +0 kite shield (worn)
 C - a +0 pair of gloves (worn)
Magical Staves
 z - a staff of earth
Jewellery
 o - a +6 ring of dexterity (left hand)
 G - a ring of protection from fire
 H - a ring of resist corrosion (right hand)
 P - a +4 ring of slaying
Talismans
 m - a blade talisman
Wands
 M - a wand of charming (4)
 O - a wand of polymorph (3)
 Q - a wand of digging (4)
 R - a wand of mindburst (20)
Scrolls
 i - 2 scrolls of revelation {unknown}
 j - 3 scrolls of amnesia {unknown}
 p - 2 scrolls of enchant weapon {unknown}
 r - a scroll of vulnerability {unknown}
 t - a scroll of fog {unknown}
 u - 4 scrolls of poison {unknown}
 v - 3 scrolls of enchant armour {unknown}
 w - 2 scrolls of blinking {unknown}
 A - 5 scrolls of teleportation {unknown}
 D - 4 scrolls of noise {unknown}
Potions
 b - 6 potions of curing
 f - a potion of attraction {unknown}
 g - 2 potions of heal wounds
 k - 2 potions of haste
 n - 2 potions of mutation
 s - 3 potions of lignification
 B - 9 potions of enlightenment
 E - 3 potions of brilliance
 K - a potion of resistance
 L - a potion of cancellation
 N - a potion of berserk rage


   Skills:
 + Level 6.2 Fighting
 + Level 10.4 Axes
 + Level 2.2 Throwing
 + Level 5.5 Armour
 + Level 4.9 Dodging
 * Level 7.8 Shields


You had 8 spell levels left.
You didn't know any spells.
Your spell library contained the following spells:

 Spells                   Type           Power      Damage    Failure   Level
 Magic Dart               Conj           0%         1d3       100%        1
 Necrotise                Necr           0%         1d4       100%        1
 Searing Ray              Conj           0%         2d4       100%        2
 Vampiric Draining        Necr           0%         2d6       100%        3
 Fulminant Prism          Conj/Hex       0%         3d5       100%        4
 Olgreb's Toxic Radiance  Pois           0%         N/A       100%        4
 Agony                    Necr           0%         N/A       100%        5
 Discord                  Hex            0%         N/A       100%        8
 Ignition                 Fire           0%         3d3       100%        8


Dungeon Overview and Level Annotations

Branches:
Dungeon (7/15)             Temple (1/1) D:6           Sewer (visited)
Ossuary (visited)

Altars:
Ashenzari
Cheibriados
Dithmenos
Elyvilon
Fedhas
Gozag
Hepliaklqana
Kikubaaqudgha
Makhleb
Qazlal
Ru
Sif Muna
Trog
Uskayaw
Vehumet
Wu Jian
Xom
Yredelemnul
Zin
The Shining One

Shops:
D:3 [   D:6 [


Innate Abilities, Weirdness & Mutations

You have a pair of horns on your head.
You reflexively headbutt those who attack you in melee.


Message History

You closely miss the wight.
The wight is moderately damaged.
The wight hits you with a +0 morningstar!
You barely miss the wight. You headbutt the wight!
The wight is almost destroyed.
The wight barely misses you. You furiously retaliate!
You headbutt the wight, but do no damage.
You hit the wight but do no damage.
The wight is almost destroyed.
The wight hits you with a +0 morningstar.
You hit the wight but do no damage. You headbutt the wight.
You destroy the wight!
You hit the wight. Your headbutt misses the wight.
The wight is moderately damaged.
The wight misses you.
You barely miss the wight.
You headbutt the wight, but do no damage.
The wight is moderately damaged.
The wight hits you with a +3 long sword.
You feel drained.
You hit the wight.
The wight is moderately damaged.
The wight hits you with a +3 long sword.
You feel drained.
You hit the wight. You headbutt the wight.
You destroy the wight!
A wight comes into view. It is wielding a +4 war axe.
Items here: ))) [[[.
You hit the wight.
The wight is moderately damaged.
You block the wight's attack. The wight hits you with a +4 war axe!
* * * LOW HITPOINT WARNING * * *
You feel drained.
* * * LOW HITPOINT WARNING * * *
You hit the wight but do no damage. You headbutt the wight.
The wight is heavily damaged.
The wight hits you with a +4 war axe!
* * * LOW HITPOINT WARNING * * *
You feel drained.
You die...

#############
#...........#
#.#########.#
##############.###### #.#
### #.........z@).......#
#.#
..####.############.####.#
#.# ....##<# #[# #.# #.#
#.#.##.# #.# #.# #†#
#.#.##.# #.# #.# #.#
....##.#### #.# #.# #.#
###...†...# #.# #.# #.# #
#.#.###.# #.# #.# #.#
###.#.# # #.####.####.#


You could see a wight.

Vanquished Creatures
  2 wyverns
  Pargi (D:4)
  An ice beast (D:7)
  2 sky beasts (D:7)
  A black bear (D:7)
  An ogre (D:6)
  5 phantoms
  A bullfrog (D:7)
  Blork the orc (D:5)
  5 scorpions
  4 water moccasin zombies (Ossuary)
  3 wights (D:7)
  6 hounds
  An orc priest (D:6)
  5 iguanas
  Ijyb (D:5)
  Terence (D:2)
  Natasha (thrice) (D:4)
  An orc wizard (D:4)
  3 mummies
  5 adders
  3 river rats (Sewer)
  2 white imps
  An ufetubus (D:5)
  8 adder zombies (Ossuary)
  3 worms
  3 dart slugs
  11 orcs
  17 bats
  6 endoplasms
  9 giant cockroaches
  3 gnoll zombies (Ossuary)
  7 hobgoblins
  11 jackals
  5 kobolds
  4 quokkas
  12 ball pythons
  A frilled lizard (D:1)
  3 goblins
  3 hobgoblin zombies (Ossuary)
  10 kobold zombies (Ossuary)
  3 orc zombies (Ossuary)
  3 rats
181 creatures vanquished.

Notes
Turn   | Place    | Note
-------+----------+-------------------------------------------
     0 | D:1      | CraigForest the Minotaur Gladiator began the quest for the
                  | Orb.
     0 | D:1      | Reached XP level 1. HP: 18/18 MP: 0/0
    69 | D:1      | Reached skill level 4 in Axes
    69 | D:1      | Reached XP level 2. HP: 19/25 MP: 1/1
   638 | D:2      | Reached XP level 3. HP: 28/30 MP: 2/2
  1008 | D:2      | Noticed Terence
  1018 | D:2      | Killed Terence
  1019 | D:2      | Reached skill level 1 in Shields
  1075 | D:2      | Reached skill level 1 in Armour
  1076 | D:2      | Reached XP level 4. HP: 26/37 MP: 3/3
  1423 | D:3      | Found Ufewn's Armour Emporium.
  2224 | D:4      | Found a glowing drain.
  2250 | Sewer    | Entered a sewer
  2347 | Sewer    | Reached skill level 5 in Axes
  2669 | Sewer    | Reached XP level 5. HP: 43/45 MP: 4/4
  3062 | D:4      | Noticed a phantom
  3073 | D:4      | Killed a phantom
  3074 | D:4      | Reached XP level 6. HP: 37/52 MP: 5/5
  3237 | D:4      | Noticed Pargi
  3245 | D:4      | Killed Pargi
  3246 | D:4      | Reached skill level 6 in Axes
  3280 | D:4      | Noticed Natasha
  3283 | D:4      | Killed Natasha
  3286 | D:4      | Reached XP level 7. HP: 58/59 MP: 6/6
  3696 | D:4      | Noticed Natasha
  3702 | D:4      | Killed Natasha
  3969 | D:4      | Noticed Natasha
  3978 | D:4      | Killed Natasha
  4005 | D:5      | Entered Level 5 of the Dungeon
  4075 | D:5      | Noticed Ijyb
  4085 | D:5      | Killed Ijyb
  4092 | D:5      | Noticed Blork the orc
  4100 | D:5      | Killed Blork the orc
  4101 | D:5      | Reached skill level 7 in Axes
  4206 | D:5      | Found a sand-covered staircase.
  4215 | Ossuary  | Entered an ossuary
  4238 | Ossuary  | Reached skill level 5 in Shields
  4276 | Ossuary  | Reached XP level 8. HP: 61/67 MP: 7/7
  4877 | D:6      | Reached skill level 5 in Fighting
  4877 | D:6      | Reached skill level 8 in Axes
  5043 | D:6      | Found a staircase to the Ecumenical Temple.
  5051 | Temple   | Entered the Ecumenical Temple
  5066 | Temple   | Became a worshipper of Hepliaklqana the Forgotten
  5291 | D:6      | Found Cerofirr's Armour Shop.
  5452 | D:6      | Found a white marble altar of Elyvilon.
  5457 | D:6      | Reached skill level 9 in Axes
  5808 | D:7      | Reached XP level 9. HP: 60/75 MP: 8/8
  5867 | D:7      | Reached skill level 5 in Armour
  6007 | D:7      | Identified the +9 sling of Eqyledd {elec, Int+3}
  6011 | D:7      | Found a stormy altar of Qazlal.
  6053 | D:7      | Reached skill level 10 in Axes
  6250 | D:7      | HP: 1/70 [wight/+4 war axe (13)]
  6250 | D:7      | Slain by a wight

Illustrated notes

Levels and vault maps discovered:
D:1:      ldierk_walled_garden_2, layout_basic, minmay_tromino_v4_a
D:2:      layout_loops_cross, uniq_terence
D:3:      layout_loops_cross, serial_shops, nicolae_shop_back_alley_shop,
          roderic_roman_lattice, ebering_dispersal_statue_hall, chequers_avenue
D:4:      layout_rooms, cheibrodos_sewer_entry_bend, nicolae_eternal_life,
          minmay_fractal_squares_diagonal_5, uniq_natasha, uniq_pargi
D:5:      layout_loops_ring, gup_ossuary_entry_pyramid,
          minmay_misc_feat_ornament, chequers_garden, minmay_misc_feat_square,
          uniq_ijyb, uniq_blork_the_orc
D:6:      layout_loops_cross, elyvilon_altar_5, minmay_temple_entry_slanted,
          serial_shops, nicolae_shop_just_a_little_nook
D:7:      layout_loops_ring, lemuel_doored_altar, general_overflow_altar,
          marbit_many_paths, uniq_maggie
Temple:   eino_narrow_crystal_temple

Skill      XL: |  1  2  3  4  5  6  7  8  9 |
---------------+----------------------------+-----
Axes           | 4 5 6 7 9 10 | 10.4
Dodging        | 4 |  4.9
Shields        | 1 2 3 5 7 |  7.8
Armour         | 1 2 3 4 5 |  5.5
Fighting       | 3 4 5 6 |  6.2
Throwing       | |  2.2

Action                     |  1- 3 |  4- 6 |  7- 9 || total
---------------------------+-------+-------+-------++-------
  Melee: War axe           |    55 |   145 |   262 ||   462
         Headbutt          |     9 |    21 |    62 ||    92
  Throw: Javelin           |       |     1 |       ||     1
    Use: Scroll            |       |     5 |     4 ||     9
         Potion            |       |       |     1 ||     1
 Armour: Leather armour    |    13 |       |       ||    13
         Ring mail         |     5 |       |       ||     5
         Chain mail        |       |    72 |    78 ||   150
         Skin              |       |       |     2 ||     2
  Dodge: Dodged            |    44 |    61 |    63 ||   168
  Block: Kite shield       |       |    69 |   112 ||   181

Table legend: (Time is in decaauts)
 A = Elapsed time spent in this place.
 B = Non-inter-level travel time spent in this place.
 C = Inter-level travel time spent in this place.
 D = Time resting spent in this place.
 E = Time spent auto-exploring this place.
 F = Levels seen in this place.
 G = Mean time per level.
                   A        B        C        D        E       F      G
               +--------+--------+--------+--------+--------+-----+--------+
         Total |   6561 |   5622 |    939 |      0 |   3686 |  10 |  656.1 |
       Dungeon |   5456 |   4545 |    911 |      0 |   3562 |   7 |  779.4 |
        Temple |     30 |      2 |     28 |      0 |      0 |   1 |   30.0 |
         Sewer |    873 |    873 |      0 |      0 |    124 |   1 |  873.0 |
       Ossuary |    201 |    201 |      0 |      0 |      0 |   1 |  201.0 |
               +--------+--------+--------+--------+--------+-----+--------+

Top non-repeatable levels by time:
     D:4: 1176 daAuts
     D:6: 896 daAuts
   Sewer: 873 daAuts
     D:3: 804 daAuts
     D:2: 773 daAuts
     D:5: 695 daAuts
     D:1: 643 daAuts
     D:7: 465 daAuts
 Ossuary: 201 daAuts
  Temple: 30 daAuts
